 Dungeon Crawl Stone Soup version 0.23.2-33-g5129a83184 (webtiles) character file.

Game seed: 2905391528295796027

4228 teukkam the Blocker (level 10, 0/91 HPs)
             Began as a Minotaur Fighter on July 1, 2019.
             Was an Initiate of Gozag.
             Slain by an orc knight
             ... wielding a +2 great sword of slicing
              (4 damage)
             ... on level 7 of the Dungeon.
             The game lasted 00:32:47 (7184 turns).

teukkam the Blocker (Minotaur Fighter)              Turns: 7184, Time: 00:32:48

Health: 0/91       AC:  9    Str: 25    XL:     10   Next: 9%
Magic:  9/9        EV:  9    Int:  5    God:    Gozag
Gold:   551        SH: 11    Dex:  9    Spells: 9/9 levels left

rFire    . . .     SeeInvis .   a - +1 war axe
rCold    + + .     Gourm    +   c - +0 shield
rNeg     . . .     Faith    .   A - +0 acid dragon scales
rPois    .         Spirit   .   (helmet restricted)
rElec    .         Reflect  .   o - +0 cloak
rCorr    +         Harm     .   (no gloves)
MR       +....     Clarity  +   (no boots)
Stlth    +.........             x - amulet of the gourmand
HPRegen  0.25/turn              G - ring of protection from cold
MPRegen  0.11/turn              i - ring of protection from magic

@: gold aura
A: retaliatory headbutt, claws 1, horns 2, clarity, cold resistance 1
a: Potion Petition, Call Merchant, Bribe Branch, Renounce Religion


You were on level 7 of the Dungeon.
You worshipped Gozag.
Gozag was pleased with you.
You were not hungry.

You visited 2 branches of the dungeon, and saw 9 of its levels.
You also visited: Sewer.

You collected 675 gold pieces.
You paid 124 gold pieces to Gozag.

Inventory:

Hand Weapons
 a - a +1 war axe (weapon)
 b - a +0 blowgun
 e - a +1 spear of flaming
 v - a cursed -2 hunting sling
Missiles
 j - 7 javelins
 q - 356 stones (quivered)
 t - 13 poisoned needles
Armour
 c - a +0 shield (worn)
 n - a +1 chain mail
 o - a +0 cloak (worn)
 A - +0 acid dragon scales (worn)
Jewellery
 i - a ring of protection from magic (right claw)
 x - an amulet of the gourmand (around neck)
 z - an uncursed ring of ice
 G - a ring of protection from cold (left claw)
Wands
 l - a wand of iceblast (14)
 p - a wand of flame (11)
 D - a wand of random effects (8)
Scrolls
 g - 4 scrolls of identify
 k - a scroll of teleportation
 y - a scroll of immolation
 C - a scroll of amnesia {unknown}
 E - 3 scrolls of enchant weapon
 F - 2 scrolls of remove curse
 I - a scroll of silence {unknown}
Potions
 d - 2 potions of brilliance
 h - 3 potions of lignification
 m - 5 potions of heal wounds
 r - 3 potions of agility
 s - 5 potions of curing
 w - 3 potions of haste
 B - a potion of berserk rage {unknown}
 H - a potion of invisibility {unknown}
Comestibles
 f - 14 rations


   Skills:
 + Level 9.0 Fighting
 + Level 8.6 Axes
 + Level 5.1 Throwing
 + Level 9.0 Armour
 + Level 9.0 Shields


You had 9 spell levels left.
You didn't know any spells.
Your spell library was empty.

Dungeon Overview and Level Annotations

Branches:
Dungeon (8/15)             Temple (1/1) D:7
   Lair: D:8-11

Altars:
Ashenzari
Cheibriados
Dithmenos
Elyvilon
Fedhas
Gozag
Hepliaklqana
Kikubaaqudgha
Makhleb
Nemelex Xobeh
Okawaru
Qazlal
Ru
Sif Muna
Trog
Uskayaw
Xom
Yredelemnul
Zin
The Shining One


Innate Abilities, Weirdness & Mutations

You reflexively headbutt those who attack you in melee.
You have a pair of horns on your head.
You have sharp fingernails.
You possess an exceptional clarity of mind.
Your flesh is cold resistant. (rC+)


Message History

An orc comes into view.
The orc knight hits you with a +2 great sword of slicing!
You barely miss the orc knight.
The orc shouts!
Your headbutt misses the orc knight.
The orc knight is lightly wounded.
The orc knight hits you with a +2 great sword of slicing!!
You slash the orc knight! You headbutt the orc knight!
The orc knight is heavily wounded.
The orc no longer looks unusually strong.
You slash the orc knight!
You headbutt the orc knight, but do no damage.
The orc knight is severely wounded.
You block the orc knight's attack.
You closely miss the orc knight. Your headbutt misses the orc knight.
The orc knight is heavily wounded.
The orc knight hits you with a +2 great sword of slicing!!
* * * LOW HITPOINT WARNING * * *
You die...
Your body crumbles into a pile of gold.

# '....' # #....# # #....# #
#....# # #o...# # #....# #'#
##########'''o#############.o
............@.............#oo
≈≈≈≈K≈≈≈≈≈...(≈≈≈≈≈≈≈≈≈≈≈≈###
≈≈≈≈≈≈≈≈≈≈...$≈≈≈≈≈≈≈≈≈≈≈≈≈≈≈
≈≈≈≈≈≈≈≈≈≈..[.≈≈≈≈≈≈≈≈≈≈≈≈≈≈≈
............$................
.......).....................
########.#<..(#.#.......###.#
#.###.##.#.......# #'#
######.# #.##.##......# ...


You could see an orc knight and an orc.

Vanquished Creatures
  Sigmund (D:5)
  8 wargs
  Edmund (D:4)
  2 orc warriors
  Duvessa (D:6)
  A black bear (D:6)
  A sky beast (D:5)
  An ice beast (D:5)
  2 ogres (D:4)
  2 centaurs
  4 big kobolds
  2 gnoll sergeants (D:7)
  A wyvern skeleton (D:6)
  A water moccasin skeleton (D:5)
  Dowan (D:6)
  4 scorpions
  2 howler monkeys (D:7)
  A crimson imp (D:6)
  4 orc priests
  6 hounds
  3 jellies (D:5)
  A bullfrog skeleton (D:7)
  Natasha (thrice) (D:2)
  3 iguanas
  7 orc wizards
  3 worker ants
  A killer bee zombie (D:5)
  A hound zombie (D:7)
  9 gnolls
  15 adders
  2 shadow imps (D:5)
  4 oozes
  An adder zombie (D:5)
  2 adder skeletons (D:6)
  5 worms
  8 leopard geckos
  26 orcs
  3 ball pythons (Sewer)
  3 bats
  7 giant cockroaches
  7 goblins
  5 hobgoblins
  20 jackals
  A quokka (D:2)
  2 frilled lizards
  A jackal skeleton (D:6)
  23 kobolds
  A leopard gecko skeleton (D:4)
  A leopard gecko zombie (D:5)
  A quokka skeleton (D:6)
  19 rats
234 creatures vanquished.

Vanquished Creatures (others)
  A plant (D:7)
1 creature vanquished.

Grand Total: 235 creatures vanquished

Notes
Turn   | Place    | Note
-------+----------+-------------------------------------------
     0 | D:1      | teukkam the Minotaur Fighter began the quest for the Orb.
     0 | D:1      | Reached XP level 1. HP: 19/19 MP: 0/0
    83 | D:1      | Reached XP level 2. HP: 24/27 MP: 1/1
   156 | D:2      | Noticed Natasha
   165 | D:2      | Killed Natasha
   165 | D:2      | Reached XP level 3. HP: 13/33 MP: 2/2
   208 | D:2      | Noticed Natasha
   218 | D:2      | Killed Natasha
   222 | D:2      | Reached XP level 4. HP: 36/40 MP: 3/3
   492 | D:2      | Found a sparkling altar of Nemelex Xobeh.
   627 | D:4      | Reached XP level 5. HP: 25/47 MP: 4/4
  1058 | D:4      | Reached skill level 5 in Fighting
  1058 | D:4      | Reached skill level 5 in Armour
  1058 | D:4      | Reached skill level 5 in Shields
  1299 | D:4      | Noticed an ogre
  1307 | D:4      | Killed an ogre
  1307 | D:4      | Reached XP level 6. HP: 34/56 MP: 5/5
  1371 | D:4      | Found a sacrificial altar of Ru.
  1416 | D:5      | Entered Level 5 of the Dungeon
  1487 | D:5      | Noticed Sigmund
  1490 | D:5      | Reached skill level 5 in Axes
  1490 | D:5      | Reached XP level 7. HP: 51/62 MP: 6/6
  1513 | D:5      | Found a glowing drain.
  1537 | D:5      | Noticed Edmund
  1545 | Sewer    | Entered a sewer
  2261 | D:5      | Killed Sigmund
  2261 | D:5      | Reached skill level 1 in Throwing
  2270 | D:5      | Reached XP level 8. HP: 53/71 MP: 7/7
  2309 | D:4      | Killed Edmund
  3157 | D:5      | Found an iron altar of Okawaru.
  3421 | D:6      | Noticed Dowan
  3437 | D:6      | Killed Dowan
  3577 | D:6      | Noticed Duvessa
  3585 | D:6      | Reached XP level 9. HP: 28/79 MP: 8/8
  3588 | D:6      | Killed Duvessa
  4354 | D:6      | Found a shimmering altar of Xom.
  4719 | D:7      | Found a staircase to the Ecumenical Temple.
  4759 | D:7      | Gained mutation: Potions are less effective at restoring
                  | your health. [potion of mutation]
  4759 | D:7      | Gained mutation: Your flesh is heat resistant. (rF+)
                  | [potion of mutation]
  4764 | D:7      | Lost mutation: Your flesh is heat resistant. (rF+) [potion
                  | of mutation]
  4764 | D:7      | Lost mutation: Potions are less effective at restoring your
                  | health. [potion of mutation]
  4764 | D:7      | Gained mutation: You have sharp fingernails. [potion of
                  | mutation]
  4764 | D:7      | Gained mutation: You possess an exceptional clarity of
                  | mind. [potion of mutation]
  4764 | D:7      | Gained mutation: Your flesh is cold resistant. (rC+)
                  | [potion of mutation]
  5201 | Temple   | Entered the Ecumenical Temple
  5206 | Temple   | Became a worshipper of Gozag Ym Sagoz the Greedy
  5742 | D:2      | Noticed a moth of wrath
  5743 | D:2      | Noticed Natasha
  5752 | D:2      | Killed Natasha
  5762 | D:2      | Found a bloodstained altar of Trog.
  6876 | D:3      | Found a glowing silver altar of Zin.
  7080 | D:7      | Reached skill level 5 in Throwing
  7080 | D:7      | Reached XP level 10. HP: 57/90 MP: 9/9
  7167 | D:7      | Noticed an orc knight
  7184 | D:7      | HP: 4/91 [orc knight/+2 great sword of slicing (29)]
  7184 | D:7      | Slain by an orc knight

Skill      XL: |  1  2  3  4  5  6  7  8  9 10 |
---------------+-------------------------------+-----
Fighting       | 4 5 6 7 8 9 |  9.0
Axes           | 3 4 5 6 7 8 |  8.6
Armour         | 4 5 6 7 8 9 |  9.0
Shields        | 4 5 6 7 8 9 |  9.0
Throwing       | 1 3 5 |  5.1

Action                   |  1- 3 |  4- 6 |  7- 9 | 10-12 || total
-------------------------+-------+-------+-------+-------++-------
Melee: War axe           |    30 |    79 |   480 |    19 ||   608
       Headbutt          |     4 |    20 |    58 |     4 ||    86
 Fire: Blowgun           |       |       |    29 |     4 ||    33
Throw: Javelin           |       |       |     3 |       ||     3
Evoke: Wand              |       |       |     2 |       ||     2
  Use: Potion            |     3 |       |    11 |       ||    14
       Scroll            |       |     2 |    12 |       ||    14
  Eat: Chunk             |       |     1 |    14 |       ||    15
       Ration            |       |     1 |     2 |       ||     3
Armor: Scale mail        |    19 |    30 |       |       ||    49
       Chain mail        |       |    16 |   131 |       ||   147
       Acid dragon scale |       |       |    99 |     4 ||   103
Dodge: Dodged            |     9 |    28 |   147 |     7 ||   191
Block: Shield            |    33 |    55 |   335 |    12 ||   435
